 Dungeon Crawl Stone Soup version 0.14-a0-736-g2a71271 (webtiles) character file.

869 PolkaDot the Tainter (level 8, -4/46 HPs)
             Began as a Formicid Venom Mage on Nov 7, 2013.
             Killed from afar by an electric eel (14 damage)
             ... with a bolt of electricity
             ... on Level 6 of the Dungeon.
             The game lasted 00:30:09 (4730 turns).

PolkaDot the Tainter (Formicid Venom Mage)          Turns: 4730, Time: 00:30:10

HP  -4/46        AC  6     Str 14      XL: 8   Next: 11%
MP   8/17        EV 17     Int 16      God:
Gold 86          SH  0     Dex 16      Spells:  4 memorised,  3 levels left

Res.Fire  : . . .   See Invis. : .   m - +1,+3 orc dagger
Res.Cold  : . . .   Warding    : .   a - +0 robe
Life Prot.: . . .   Conserve   : .   (no shield)
Res.Poison: x       Res.Corr.  : .   (helmet restricted)
Res.Elec. : .       Clarity    : .   h - +2 elf cloak
Sust.Abil.: . .     Spirit.Shd : .   (no gloves)
Res.Mut.  : .       Stasis     : +   (no boots)
Res.Rott. : .       Flight     : .   (no amulet)
Saprovore : . . .                    (no ring)
                                     j - ring of wizardry

@: agile, somewhat resistant to hostile enchantments, quite stealthy
A: permanent stasis, dig shafts and tunnels, four strong arms, poison weakness,
antennae 2, exoskeleton 1
a: Dig, Shaft Self


You were on level 6 of the Dungeon.
You were hungry.

You visited 1 branch of the dungeon, and saw 6 of its levels.

You collected 246 gold pieces.
You spent 160 gold pieces at shops.

Inventory:

Hand weapons
 m - a +1,+3 orcish dagger (weapon)
Armour
 a - a +0 robe (worn)
 h - a +2 elven cloak (worn)
Magical devices
 u - a wand of random effects (6)
Comestibles
 c - 6 bread rations
 d - an apple
 p - a meat ration
 z - a banana
 F - a cheese
 I - a choko
Scrolls
 e - 2 scrolls of enchant weapon I {unknown}
 f - 9 scrolls of remove curse
 g - a scroll of curse weapon {unknown}
 k - a scroll of teleportation {unknown}
 l - a scroll of curse jewellery {unknown}
 n - 2 scrolls of recharging {unknown}
 q - 2 scrolls of noise {unknown}
 r - 4 scrolls of identify
 t - 3 scrolls of amnesia {unknown}
 w - 2 scrolls of enchant weapon II
 x - a scroll of curse armour {unknown}
 y - a scroll of enchant armour {unknown}
 B - a scroll of fog
 C - a scroll of fear
 J - a scroll of blinking {unknown}
Jewellery
 j - a ring of wizardry (left hand)
Potions
 i - 2 potions of curing
 E - a potion of speed {unknown}
Books
 b - a Young Poisoner's Handbook

   Spells                             Type                      Level
   *Sting                             Conjuration/Poison           1
   *Cure Poison                       Poison                       2
   *Mephitic Cloud                    Conjuration/Poison/Air       3
   Olgreb's Toxic Radiance            Poison                       4
   *Venom Bolt                        Conjuration/Poison           5


   Skills:
 * Level 1.9 Short Blades
 - Level 1.7 Dodging
 - Level 2.4 Stealth
 - Level 3.6 Spellcasting
 + Level 3.3 Conjurations
 * Level 9.4 Poison Magic


You had 3 spell levels left.
You knew the following spells:

 Your Spells              Type           Power        Failure   Level  Hunger
a - Sting                 Conj/Pois      ###.         1%          1    None
d - Mephitic Cloud        Conj/Pois/Air  ###.....     4%          3    ###....
q - Cure Poison           Pois           ####......   1%          2    ##.....
s - Venom Bolt            Conj/Pois      ###.......   16%         5    #####..


Dungeon Overview and Level Annotations

Branches:
Dungeon (6/27)
 Temple: D:4-7          Orc: D:6-11

Altars:
Ashenzari
Okawaru
Vehumet

Shops:
D:4 ?   D:6 *[}

Annotations:
D:5 HungrySpirit's ghost, experienced FoFi


Innate Abilities, Weirdness & Mutations

Your are under a permanent stasis effect.
You can dig through walls and to a lower floor.
Your four strong arms can wield any weapon, most with a shield.
You are susceptible to poison.
You have a pair of antennae on your head.
Your body is surrounded by an exoskeleton. (HP +5, AC +1)


Message History

Casting: Sting
Confirm with . or Enter, or press ? or * to list all spells.
Okay, then.
Casting: Sting
Confirm with . or Enter, or press ? or * to list all spells.
Aiming: Sting
Press: ? - help, Shift-Dir - straight line, f - electric eel
Aim: an electric eel The sting hits the electric eel.
The electric eel is poisoned.
The electric eel is heavily wounded.
The electric eel shoots out a bolt of electricity!
The bolt of electricity hits you!
* * * LOW HITPOINT WARNING * * *
Drink which item? (? for menu, Esc to quit)
You feel more agile all of a sudden.
Drink which item? (? for menu, Esc to quit)
You feel better.
The electric eel shoots out a bolt of electricity!
The bolt of electricity hits you!
You die...

♣ ♣≈≈
##################♣≈P≈P
.................P≈≈{≈≈≈
................P≈≈P≈≈≈≈
........(.......♣P≈≈≈;≈≈
..................≈≈≈≈≈≈≈
...........####.@........
...........# ##P.≈≈≈P≈≈≈
...........# ≈≈.≈≈≈≈≈≈
..#######..# ♣♣≈.≈P≈≈♣♣
..'.....#..# ≈≈.≈P≈♣♣
..#.....#..# ;≈.≈≈≈♣
..#######..# ♣≈≈.≈≈≈♣
...........###≈PP.≈≈≈
..............♣♣P.


You could see a big fish and an electric eel.

Vanquished Creatures
  An orc warrior (D:6)
  An ogre (D:4)
  Sigmund (D:3)
  A crimson imp (D:5)
  3 hounds
  An orc wizard (D:3)
  4 orc priests
  2 worker ants (D:4)
  An iguana (D:3)
  Ijyb (D:2)
  A worker ant zombie (D:6)
  3 gnolls (D:3)
  4 adders
  A worm (D:2)
  A giant eyeball (D:4)
  2 giant geckos
  2 oozes (D:2)
  11 orcs
  2 ball pythons
  8 bats
  6 giant cockroaches
  8 hobgoblins
  5 jackals
  2 quokkas
  A giant gecko skeleton (D:5)
  2 giant newts
  5 goblins
  9 kobolds
  12 rats
101 creatures vanquished.

Notes
Turn   | Place    | Note
--------------------------------------------------------------
     0 | D:1      | PolkaDot, the Formicid Venom Mage, began the quest for the Orb.
     0 | D:1      | Reached XP level 1. HP: 15/15 MP: 3/3
    87 | D:1      | Reached XP level 2. HP: 10/20 MP: 1/4
   520 | D:1      | Reached skill level 6 in Poison Magic
   520 | D:1      | Reached XP level 3. HP: 20/24 MP: 3/6
   947 | D:1      | Learned a level 2 spell: Cure Poison
  1177 | D:2      | Reached XP level 4. HP: 29/29 MP: 3/7
  1311 | D:2      | Reached skill level 1 in Conjurations
  1676 | D:2      | Noticed Ijyb
  1688 | D:2      | Killed Ijyb
  1901 | D:2      | Reached XP level 5. HP: 33/33 MP: 3/9
  2020 | D:2      | Learned a level 3 spell: Mephitic Cloud
  2264 | D:3      | Reached skill level 7 in Poison Magic
  2353 | D:3      | Reached XP level 6. HP: 22/37 MP: 4/12
  2397 | D:3      | Noticed Sigmund
  2412 | D:3      | Killed Sigmund
  2709 | D:3      | Reached skill level 8 in Poison Magic
  3046 | D:3      | Reached XP level 7. HP: 32/41 MP: 5/14
  3053 | D:3      | Learned a level 5 spell: Venom Bolt
  3365 | D:3      | Found a radiant altar of Vehumet.
  3489 | D:4      | Found Moafuat's Magic Scroll Shoppe.
  3502 | D:4      | Bought a scroll of fog for 20 gold pieces
  3502 | D:4      | Bought a scroll of identify for 20 gold pieces
  3502 | D:4      | Bought a scroll of remove curse for 30 gold pieces
  3502 | D:4      | Bought a scroll of fear for 35 gold pieces
  3502 | D:4      | Bought a scroll of enchant weapon II for 55 gold pieces
  3802 | D:4      | Found an iron altar of Okawaru.
  4258 | D:5      | Entered Level 5 of the Dungeon
  4292 | D:5      | Reached skill level 9 in Poison Magic
  4460 | D:5      | Noticed HungrySpirit's ghost (experienced FoFi)
  4482 | D:5      | Found a shattered altar of Ashenzari.
  4538 | D:6      | Found Dacim's Assorted Antiques.
  4540 | D:6      | Found Ghaisk's Antique Armour Emporium.
  4582 | D:6      | Found Ghoqy's Gadget Emporium.
  4688 | D:6      | Reached skill level 1 in Short Blades
  4688 | D:6      | Gained mutation: You have a pair of antennae on your head. [level up]
  4688 | D:6      | Reached XP level 8. HP: 31/46 MP: 3/17
  4730 | D:6      | Killed from afar by an electric eel

Action                   |  1- 3 |  4- 6 |  7- 9 || total
-------------------------+-------+-------+-------++-------
Melee: Unarmed           |    70 |    29 |       ||    99
       Dagger            |       |    14 |   130 ||   144
 Cast: Sting             |    60 |   114 |    54 ||   228
       Mephitic Cloud    |       |     6 |     7 ||    13
       Venom Bolt        |       |       |     4 ||     4
       Cure Poison       |       |       |     1 ||     1
Evoke: Wand              |       |     1 |       ||     1
  Use: Potion            |       |     4 |     4 ||     8
       Scroll            |       |       |     2 ||     2
 Stab: Sleeping          |     1 |     2 |     4 ||     7
       Confused          |       |     1 |     1 ||     2
